Cogmind - Beta 16 *** ADVENTURER MODE // 2025.10.26 @ 16:14:53 Player: Plonker Result: Destroyed by Y-54 Guardian with Gatling Laser Performance ------------- Evolutions (3) 1500 Regions Visited (4) 800 Robots Destroyed (47) 235 Value Destroyed (1337) 1337 Prototype IDs (6) 120 Alien Tech Used (0) 0 Bonus (0) 0 TOTAL SCORE: 3992 Bonus ------- None Cogmind --------- Core Integrity 0/700 Matter 129/300 Energy 490/490 System Corruption 3% Temperature Cool (12) Movement Core (450) Ox8 Location -7/Factory Parts ------- > --- POWER (2) -------- Improved Deuterium Engine Enhanced Nuclear Core > --- PROPULSION (4) --- (None) > --- UTILITY (5) ------ Improved Melee Analysis Suite Hacking Suite Hacking Suite > --- WEAPON (2) ------- Heavy Particle Cannon Powered Hammer > --- INVENTORY (5) ---- (None) Peak State ------------ > --- POWER ------------ Improved Deuterium Engine Improved Deuterium Engine > --- PROPULSION ------- Carbon-fiber Leg VTOL Module VTOL Module VTOL Module > --- UTILITY ---------- Medium Storage Unit Advanced ECM Suite Reflective Plating Hacking Suite Hacking Suite > --- WEAPON ----------- Plasma Cannon Spear > --- INVENTORY -------- Enhanced Nuclear Core Micro Nuclear Core Hover Unit Improved Assault Rifle Improved Assault Rifle Rocket Array [Rating: 41] Favorites ----------- Power Improved Deuterium Engine Engine Improved Deuterium Engine Power Core Micro Nuclear Core Propulsion Aluminum Leg Treads Light Treads Leg Aluminum Leg Wheel Wheel Hover Unit Hover Unit Flight Unit VTOL Module Utility Hacking Suite Device Advanced ECM Suite Storage Medium Storage Unit Processor Improved Melee Analysis Suite Hackware Hacking Suite Protection Core Shielding Weapon Grenade Launcher Energy Gun Medium Laser Energy Cannon Plasma Cannon Ballistic Gun High-powered Shotgun Ballistic Cannon Gauss Cannon Launcher Grenade Launcher Impact Weapon Powered Hammer Piercing Weapon Spear Build | -11 -10 -10 -8 -7 ------- Run | Yrd Mat Sub Mat Fac Slots Evolved 6 | . . . 4 2 Power 1 | . . . . 1 Propulsion 2 | . . . 1 1 Utility 3 | . . . 3 . Weapon . | . . . . . Parts Attached 63 | 6 . 7 23 27 Power 13 | 1 . 1 4 7 Engine 7 | 1 . 1 1 4 Core 6 | . . . 3 3 Reactor . | . . . . . Propulsion 20 | 2 . 2 7 9 Treads 5 | . . . 5 . Leg 7 | 2 . . 2 3 Wheel 2 | . . 2 . . Hover 1 | . . . . 1 Flight 5 | . . . . 5 Utility 11 | 1 . . 7 3 Device 1 | . . . 1 . Storage 2 | 1 . . 1 . Processor 1 | . . . . 1 Hackware 3 | . . . 3 . Protection 4 | . . . 2 2 Artifact . | . . . . . Weapon 19 | 2 . 4 5 8 Energy Gun 3 | 1 . . 1 1 Energy Cannon 2 | . . . . 2 Ballistic Gun 7 | 1 . 2 4 . Ballistic Cannon 2 | . . 1 . 1 Launcher 2 | . . 1 . 1 Special Weapon . | . . . . . Impact Weapon 2 | . . . . 2 Slashing Weapon . | . . . . . Piercing Weapon 1 | . . . . 1 Special Melee Weapon . | . . . . . Unidentified Prototypes 4 | . . . 2 2 Corrupted Parts 1 | . . . 1 . System Corruption 5 | . . . 5 . Parts Lost 27 | . . 3 4 20 Power 5 | . . 1 . 4 Propulsion 13 | . . 2 1 10 Utility 4 | . . . 1 3 Weapon 5 | . . . 2 3 Highest Loss Streak 8 | . . 2 2 8 To Critical Strikes . | . . . . . Average Backups 4 | 1 2 2 6 5 Power 1 | . 1 . . 2 Propulsion 1 | . . 1 2 . Utility . | . . . . . Weapon 1 | . . 1 2 1 Tool/Special . | . . . . . Unused Backups 3 | 1 . . 1 1 Power . | . . . . . Propulsion 1 | . . . 1 . Utility . | . . . . . Weapon 2 | 1 . . . 1 Tool/Special . | . . . . . Average Slot Usage (%) 81 | . 85 76 83 83 Engine 11 | . 14 13 7 11 Core 1 | . . . 1 1 Treads 4 | . . . 16 2 Leg 10 | . 28 10 3 11 Wheel 3 | . . 9 2 . Flight 2 | . . . . 5 Device 3 | . . . 2 6 Storage 9 | . 14 14 9 5 Hackware 9 | . . . 12 15 Protection 4 | . . . 10 5 Energy Gun 2 | . 14 5 . 1 Energy Cannon 1 | . . . . 3 Ballistic Gun 6 | . 14 11 10 1 Ballistic Cannon 2 | . . 2 3 3 Launcher 3 | . . 8 2 1 Peak Build Rating 41 | 6 6 8 26 41 Average Rating 19 | 4 6 6 16 32 On Entrance 8 | . 6 6 6 26 Avg Prop Armor Cover (%) 6 | . . . 5 8 Naked Turns . | . . . . . Heaviest Build 46 | 11 11 16 30 46 Greatest Support 60 | 20 20 30 60 60 Greatest Overweight (x) 8 | . . 4 1 8 Average Overweight (x) . | . . . . 1 Largest Inventory Capacity 10 | 8 8 8 10 10 Average Capacity 8 | 7 8 8 9 8 Most Carried 10 | 5 3 4 10 10 Average Carried 4 | 1 2 2 6 5 Final Capacity 10 | 8 8 8 10 5 Final Carried 9 | 1 3 3 9 . Class Distribution -------------------- 57% | Hacker-Mutant 36% | Mutant 6% | Scavenger-Mutant Dominant Class ---------------- Mutant | -10/Materials Mutant | -10/Subcaves Hacker-Mutant | -8/Materials Hacker-Mutant | -7/Factory Resources | -11 -10 -10 -8 -7 ----------- Run | Yrd Mat Sub Mat Fac Matter Collected 1198 | 127 49 97 364 561 Remotely . | . . . . . Salvage Created 1313 | . . 124 434 755 Parts 84 | . . 14 26 44 Haulers Intercepted 3 | . . . 2 1 Recyclers Shooed . | . . . . . Parts Field Recycled . | . . . . . Retrieved Matter . | . . . . . Parts Self-Destructed 17 | . . 17 . . Prevented . | . . . . . Parts Restored . | . . . . . Kills | -11 -10 -10 -8 -7 ------- Run | Yrd Mat Sub Mat Fac Combat Hostiles Destroyed 33 | . . 7 10 16 Melee 7 | . . . 1 6 Guns 12 | . . 1 9 2 Cannons 10 | . . 2 . 8 AOE 4 | . . 4 . . Classes Destroyed 13 | . . 2 6 5 Worker 1 | . . . . 1 Builder 2 | . . . 1 1 Hauler 3 | . . . 2 1 Recycler 2 | . . . . 2 Operator 3 | . . . 1 2 Watcher 3 | . . . . 3 Swarmer 17 | . . 4 4 9 Grunt 6 | . . . 3 3 Duelist 1 | . . . . 1 Sentry 3 | . . . 2 1 Hunter 1 | . . . 1 . Programmer 2 | . . . . 2 Subdweller 3 | . . 3 . . Best Kill Streak 6 | . . 3 4 6 Combat Bots Only 6 | . . 3 4 6 Max Kills in Single Turn 2 | . . 2 2 1 Gunslinging . | . . . . . Exploded 2 | . . 2 . . Melee 1 | . . . 1 1 Uniques/NPCs Destroyed . | . . . . . Combat | -11 -10 -10 -8 -7 -------- Run | Yrd Mat Sub Mat Fac Hostile Shots Fired 769 | . 3 57 106 603 Missed 248 | . 1 18 19 210 Hits 521 | . 2 39 87 393 Melee 6 | . . . . 6 Projectile 515 | . 2 39 87 387 AOE 1 | . . . 1 . Critical Strikes 8 | . . 1 3 4 Actively Blocked 2 | . . . . 2 Damage Taken 4616 | . 14 554 1031 3017 Core 925 | . . 85 133 707 Absorbed by Shields . | . . . . . Redirected to Shielding 49 | . . . 23 26 Ignored by Resistances 1421 | . 4 162 292 963 Core Remaining (%) 80 | 100 . 66 75 . Volleys Fired 102 | . 2 21 33 46 Largest 2 | . 2 2 2 2 Hottest 120 | . 70 75 63 120 Shots Fired 167 | . 4 36 56 71 Gun 98 | . 4 24 45 25 Cannon 60 | . . 8 9 43 Launcher 9 | . . 4 2 3 Special . | . . . . . Kinetic 113 | . 2 21 54 36 Thermal 28 | . 2 11 . 15 Explosive 9 | . . 4 2 3 Electromagnetic 17 | . . . . 17 Robot Hit Streak 15 | . 3 13 14 15 Robot Miss Streak 5 | . 1 1 1 5 Penetration Max . | . . . . . Secondary Targets . | . . . . . Shots Hit Robots 152 | . 3 27 44 78 Core Hits 83 | . 2 10 25 46 Critical Kills . | . . . . . Critical Parts Destroyed 2 | . . . . 2 Critical Strikes 3 | . . . . 3 Destroy 1 | . . . . 1 Blast 1 | . . . . 1 Smash 1 | . . . . 1 Melee Attacks 29 | . . . . 29 Impact 18 | . . . . 18 Slashing . | . . . . . Piercing 11 | . . . . 11 Sneak Attacks 3 | . . . . 3 Combat Hostiles . | . . . . . Follow-up Attacks . | . . . . . Damage Inflicted 4154 | . 30 537 929 2658 Guns 1300 | . 30 204 726 340 Cannons 1065 | . . 94 111 860 Explosions 646 | . . 239 78 329 Melee 1107 | . . . . 1107 Ramming 36 | . . . 14 22 Kinetic 1796 | . 17 210 837 732 Thermal 386 | . 13 88 . 285 Explosive 646 | . . 239 78 329 Electromagnetic 183 | . . . . 183 Impact 695 | . . . . 695 Slashing . | . . . . . Piercing 412 | . . . . 412 Highest Corruption 5 | . . . 5 3 Average Corruption 3 | . . . 5 2 Corruption Purged . | . . . . . Corruption Blocked . | . . . . . Effects 15 | . . . 9 6 Message Errors 4 | . . . 3 1 Matter Fused 3 | . . . 1 2 Heat Flow Errors 1 | . . . . 1 Energy Discharges 3 | . . . 2 1 Parts Rejected 1 | . . . 1 . Parts Fused 1 | . . . 1 . Data Loss (minor) 1 | . . . 1 . Data Loss (major) 1 | . . . . 1 Overload Shots . | . . . . . Overflow Damage 103 | . . 6 2 95 Projectiles 28 | . . 6 2 20 Explosions 2 | . . . . 2 Melee 73 | . . . . 73 Knockbacks 9 | . . . 1 8 Impact 2 | . . . . 2 Kinetic 7 | . . . 1 6 Secondary . | . . . . . Self-Inflicted Damage 44 | . . 20 . 24 Shots 3 | . . 1 . 2 Rammed 4 | . . 1 3 . Targets Rammed 12 | . . 1 4 7 Kicked 7 | . . . . 7 Crushed 1 | . . . 1 . Highest Temperature 207 | . 40 6 1 207 Average Temperature 51 | . 20 3 1 54 Received Heat Transfer 1365 | . . 102 396 867 Siege Activations . | . . . . . Martial Activations . | . . . . . Shielding Activations . | . . . . . Robots Disrupted . | . . . . . Combat Hostiles . | . . . . . Robots Corrupted . | . . . . . Combat Hostiles . | . . . . . Parts Fried . | . . . . . Impact Corruptions 5 | . . . . 5 Robots Melted . | . . . . . Combat Hostiles . | . . . . . Parts Melted 1 | . . 1 . . Heat Transferred 807 | . 37 259 . 511 Parts Sabotaged . | . . . . . Parts Stolen . | . . . . . Parts Stripped . | . . . . . Power Chain Reactions . | . . . . . Alert | -11 -10 -10 -8 -7 ------- Run | Yrd Mat Sub Mat Fac Maximum Alert Level . | . . . . . Low Security (%) 100 | 100 100 . 100 100 Level 1 . | . . . . . Level 2 . | . . . . . Level 3 . | . . . . . Level 4 . | . . . . . Level 5 . | . . . . . High Security . | . . . . . Max Security . | . . . . . Peak Influence 135 | . . . 128 135 Initial 36 | . . . 36 31 Average 27 | . . . 39 25 Influence Increases 1181 | . . 140 404 637 Destroy 0b10 Robot/C 600 | . . 80 200 320 Destroy 0b10 Robot/NC 70 | . . . 20 50 Destroy Leader 120 | . . . 54 66 Successful Hack 27 | . . . 21 6 Disable Machine 72 | . . . . 72 Destroy Structure 97 | . . . 19 78 Partial Spotted 15 | . . . 15 . Lose Combat Pursuer 180 | . . 60 75 45 Influence Decreases 1166 | . . 60 404 702 Entered New Map 93 | . . . 44 49 Time Decay 826 | . . 50 283 493 Lost Part 203 | . . 10 33 160 Purge Threat 44 | . . . 44 . Squads Dispatched 11 | . . . 3 8 Investigation 3 | . . . 2 1 Extermination 3 | . . . . 3 Reinforcement 1 | . . . . 1 Assault . | . . . . . Garrison 4 | . . . 1 3 Intercept . | . . . . . Searches Triggered . | . . . . . Construction Impeded . | . . . . . Haulers Reinforced . | . . . . . Active Scanning Responses . | . . . . . Cargo Convoy Interrupts . | . . . . . Stealth | -11 -10 -10 -8 -7 --------- Run | Yrd Mat Sub Mat Fac Distress Signals 2 | . . . 2 . Communications Jammed . | . . . . . Distress Signals . | . . . . . Times Spotted 82 | . 7 10 19 46 Peak Tracking Total 6 | . 3 6 4 5 Tactical Retreats 16 | . . 2 3 11 ECM-based Alert Blocks 18 | . . . . 18 Traps | -11 -10 -10 -8 -7 ------- Run | Yrd Mat Sub Mat Fac Traps Triggered . | . . . . . Indirectly . | . . . . . Trap Hack Attempts . | . . . . . Triggered . | . . . . . Disarmed . | . . . . . Reprogrammed . | . . . . . Reused . | . . . . . Traps Extracted . | . . . . . Installed . | . . . . . Triggered . | . . . . . Machines | -11 -10 -10 -8 -7 ---------- Run | Yrd Mat Sub Mat Fac Machines Disabled 8 | . . . . 8 Max in Single Turn 7 | . . . . 7 Machines Repaired . | . . . . . Machines Dismantled . | . . . . . Machines Sabotaged . | . . . . . Overloaded Fab Kills . | . . . . . Hacking | -11 -10 -10 -8 -7 --------- Run | Yrd Mat Sub Mat Fac Machines Accessed 11 | . . . 7 4 Terminals 10 | . . . 7 3 Fabricators . | . . . . . Repair Stations . | . . . . . Recycling Units . | . . . . . Scanalyzers . | . . . . . Garrison Access 1 | . . . . 1 Total Hacks 39 | . . . 28 11 Successful 24 | . . . 18 6 Failed 15 | . . . 10 5 Catastrophic 2 | . . . 2 . Database Lockouts . | . . . . . Manual 21 | . . . 18 3 Terminals 36 | . . . 28 8 Fabricators . | . . . . . Repair Stations . | . . . . . Recycling Units . | . . . . . Scanalyzers . | . . . . . Garrison Access 3 | . . . . 3 Terminal Hacks 16 | . . . 12 4 Record 1 | . . . . 1 Prototype ID Bank 1 | . . . 1 . Open DSF 1 | . . . . 1 Branch Access Points 1 | . . . 1 . Fabricator Index 1 | . . . . 1 Unreport Threat 2 | . . . 2 . Locate Traps 1 | . . . 1 . Reprogram Traps 1 | . . . 1 . Dispatch Records 1 | . . . 1 . Recall Investigation 2 | . . . 2 . Recall Reinforcements 1 | . . . 1 . Hauler Manifests 1 | . . . 1 . Registered Components 1 | . . . . 1 Zone Layout 1 | . . . 1 . Fabricator Hacks . | . . . . . Repair Station Hacks . | . . . . . Recycling Unit Hacks . | . . . . . Scanalyzer . | . . . . . Garrison Access Hacks . | . . . . . Unauthorized Hacks 8 | . . . 6 2 Terminals 8 | . . . 6 2 Botnet 8 | . . . 6 2 Fabricators . | . . . . . Repair Stations . | . . . . . Recycling Units . | . . . . . Scanalyzers . | . . . . . Garrison Access . | . . . . . Data Cores Recovered 2 | . . . 1 1 Used 2 | . . . 1 1 Hacking Detections 10 | . . . 7 3 Full Trace Events 3 | . . . 2 1 Feedback Events . | . . . . . Feedback Blocked . | . . . . . Robot Schematics Acquired . | . . . . . Robots Built . | . . . . . Authchips . | . . . . . Time . | . . . . . Total Robot Build Rating . | . . . . . Part Schematics Acquired . | . . . . . Parts Built . | . . . . . Authchips . | . . . . . Time . | . . . . . Total Part Build Rating . | . . . . . Part Studies Acquired . | . . . . . Parts Repaired . | . . . . . Time . | . . . . . Parts Recycled . | . . . . . Recycled Matter . | . . . . . Retrieved Matter . | . . . . . Retrieved Components . | . . . . . Parts Scanalyzed . | . . . . . Part Schematics Acquired . | . . . . . Parts Damaged . | . . . . . Bothacking | -11 -10 -10 -8 -7 ------------ Run | Yrd Mat Sub Mat Fac Used RIF Installer . | . . . . . Robots Hacked . | . . . . . Non-combat . | . . . . . Combat . | . . . . . Robot Hacks Applied . | . . . . . Relay Couplers Released . | . . . . . Fabnet Peak Effective % . | . . . . . Robots Rewired . | . . . . . Allies Hacked . | . . . . . Hacks Repelled . | . . . . . Allies | -11 -10 -10 -8 -7 -------- Run | Yrd Mat Sub Mat Fac Total Allies . | . . . . . Largest Group . | . . . . . Highest-Rated Group . | . . . . . Highest-Rated Ally . | . . . . . Total Orders . | . . . . . Ally Attacks . | . . . . . Total Damage . | . . . . . Kills . | . . . . . Allies Corrupted . | . . . . . Allies Melted . | . . . . . Intel | -11 -10 -10 -8 -7 ------- Run | Yrd Mat Sub Mat Fac Active Infowar (turns) 1243 | . . . 7 1236 ECM 1243 | . . . 7 1236 Robot Analysis Total . | . . . . . Derelict Logs Recovered 2 | . . 2 . . Drone Launches . | . . . . . Drone Recoveries . | . . . . . Exploration | -11 -10 -10 -8 -7 ------------- Run | Yrd Mat Sub Mat Fac Turns Passed 3670 | 53 220 982 834 1581 Spaces Moved 2338 | 38 168 860 490 782 Core 38 | 8 . 6 . 24 Treads 343 | . . . 281 62 Legs 973 | 30 168 266 58 451 Wheels 739 | . . 588 151 . Hover 1 | . . . . 1 Flight 244 | . . . . 244 Fastest Speed 26 | 50 120 95 95 26 Average Speed 133 | 105 120 105 136 164 Slowest Speed 450 | 120 120 250 240 450 Overloaded Moves . | . . . . . Propulsion Burnouts . | . . . . . Robots Hopped . | . . . . . Potential Cave-ins . | . . . . . Cave-ins Triggered . | . . . . . Exploration Rate (%) 27 | 4 34 31 40 27 Regions Visited 4 Branch Regions 1 Pre-discovered Areas 1 | . . 1 . . Known Exits Taken 1 | . . . 1 . Unknown Exits Taken 3 | 1 1 1 . . Scrap Searched . | . . . . . Spaces Dug . | . . . . . Terrain Destroyed 118 | . . 22 18 78 Melee . | . . . . . Projectile 9 | . . . 3 6 AOE 109 | . . 22 15 72 Terrain Rammed . | . . . . . Walls Destroyed . | . . . . . Machines Disabled . | . . . . . Actions | -11 -10 -10 -8 -7 --------- Run | Yrd Mat Sub Mat Fac Total 2673 | 50 183 898 594 948 Wait 38 | . 12 . 6 20 Move 2334 | 37 167 859 489 782 Hop . | . . . . . Pick Up 61 | 6 2 6 26 21 Fast Attach 4 | 2 . . 1 1 Attach 38 | 4 . 3 11 20 Detach . | . . . . . Swap 26 | . . 4 13 9 Drop 29 | 1 . 4 11 13 Fire 102 | . 2 21 33 46 Melee 29 | . . . . 29 Ram 1 | . . 1 . . Kick 7 | . . . . 7 Crush 4 | . . . 4 . Escape Stasis . | . . . . . Rewire . | . . . . . Trap . | . . . . . Miscellaneous . | . . . . . Route ------- -11/Scrapyard -10/Materials (discovered 2 exits: [*Min] / [*Sub]) -10/Subcaves (discovered 2 exits: *Mat / [Scr]) -8/Materials -7/Factory History --------- Turn | Location | Event 9 | -11/Scrapyard | Discovered new exit (range 16) 54 | -11/Scrapyard | Entered Materials 55 | -10/Materials | Met a group of wandering Federalists 94 | -10/Materials | Discovered new exit (range 12) 272 | -10/Materials | Discovered new exit (range 3) 274 | -10/Materials | Entered Subcaves 274 | -10/Subcaves | Accompanied by 2 allies 275 | -10/Subcaves | Continued accompanying wandering Federalists (4) 275 | -10/Subcaves | Approached by a straggling Scientist 302 | -10/Subcaves | Build established: Mutant 391 | -10/Subcaves | Shifting Twisted Machinery released Battle Rifle 522 | -10/Subcaves | Learned location of Mines (-8) 613 | -10/Subcaves | Shifting Twisted Machinery released Sub. Machine Gun 1109 | -10/Subcaves | Learned location of 1 exit from Materials 1247 | -10/Subcaves | Discovered new exit (range 7) 1256 | -10/Subcaves | Entered Materials 1256 | -8/Materials | Evolved 4 slots: Propulsion x1, Utility x3 1257 | -8/Materials | Identified exit to Factory 1409 | -8/Materials | Garrison activated, responded to threat 1637 | -8/Materials | Build established: Hacker-Mutant 2090 | -8/Materials | Entered Factory 2090 | -7/Factory | Evolved 2 slots: Power x1, Propulsion x1 3142 | -7/Factory | Found Prototype Launcher 3330 | -7/Factory | Identified Rocket Array 3344 | -7/Factory | Lost 3 parts (1n1u1w) 3567 | -7/Factory | Core integrity fell below 50% 3614 | -7/Factory | Lost 8 parts (1p5n1u1w) 3617 | -7/Factory | Core integrity fell below 20% 3671 | -7/Factory | Destroyed by Y-54 Guardian with Gatling Laser Last Messages --------------- 03583_ P-60 Hacker system corrupted by crushing effect. 03583_ P-60 Hacker knocked back. 03583_ U-05 Engineer lays Concrete. 03583_ Adv. ECM Suite destroyed. 03584_ U-05 Engineer builds a Wall. 03587_ The unstable cave ceiling collapses. 03589_ System corrupted: Energy discharge (-22). 03594_ Acquired Hvy. Particle Cannon. 03610_ System corrupted: Matter fused (-10). 03610_ Acquired Lyr. Light Armor Plating. 03627_ Lgt. Nuclear Core destroyed. 03638_ Y-54 Guardian destroyed. 03640_ Y-54 Guardian suffers critical hit (Smash). 03640_ Destroyed Lgt. Treads. 03640_ Y-54 Guardian system corrupted by crushing effect. 03642_ Y-54 Guardian destroyed. 03667_ Lyr. Light Armor Plating destroyed. Map ----- +----------------------------------------------------+ | ??????????????????? ??????????????????# """ | | ?????????????????????? ?????????????????? | | ????????????????????? ???????????????????## """ | | ????????????????????? ????????????????????# """ | | ?????????????? ??? ????????????????????# ^""" | | ????????????? ?? ????????????????????# ^^ | | ??????????? ? #"??# #####???????????????# ^ """ | | ??????????? ? "### #???????????????# """ | | ?????????? ?"" = #?????########### """ | | ?????????? ?" "" #?????# ## | | ?????????? ## "G #?????# ## ? | | ????????? "" == #?????# ## ##+# | | ????????? #?????# # | | ???????? ]#?????# + "" | | ???????? # #?????# # "" | | ??????? ] #?????# ########## # "" | | ??????? ! #?????# #????????# # | | ?????????? "" # ########### #????????# # | | ?????????? Y" #????????# # | | ?????????? "" ####????????# # | | ??????????? "" #???????????# #### | | ??????? #????????#### #### | | ??????? #????????# | | ????????######+##############+########???# ##+#### | | ????????????????????# % %[ #??# # | | ??????????????/?????# @""""""""" #??# + """" | | ????????????????????# Y Y #??### """" | | ????????????????????# """"""""" #????# """" | | ????????????????????# #????# """" | | ????????????????????# """"""""" #????# | | ????????????????????# ?????####### | | ????????????????????###############??????????????? | | | | | | | | | | | | | | | | | | | | | | | | | | | | | | | | | | | | | +----------------------------------------------------+ Best States ------------- Heat Dissipation 34 Energy Generation 28 Energy Capacity 490 Matter Stores 300 Matter Capacity 300 Sight Range 16 Terrain Scan Density 10 ECM Strength 2 Armor Coverage 150 Resistance: KI 20 Resistance: TH 30 Resistance: EX 20 Resistance: EM 20 Resistance: I 20 Resistance: S 20 Resistance: P 20 Core Shielding 20 Evasion (%) 64 Melee Accuracy 6 Recoil Reduction 3 Offensive Hacking 30 Defensive Hacking 10 Item Schematics ----------------- None Robot Schematics ------------------ None Fabricated ------------ Nothing Repaired ---------- Nothing Studied --------- None Alien Tech Used ----------------- None Achievements -------------- Strength In Numbers Challenges ------------ None Game ------ Seed SpacefoldBladeVibroblade Manual? 0 Play Time 00:51:08 Cumulative 57.6 hours Start 2025.10.26 @ 15:24:44 End 2025.10.26 @ 16:14:53 Sessions 1 Manual Loads 0 Difficulty Adventurer Special Mode None Game No. 57 Rogue 0 Adventurer 57 Explorer 0 Win Type - Total 0 Types 0/0/0/0/0/0/0/0/0/0 Lore% 22 Gallery% 36 Achievement% 22 Wizard Run 0 Options --------- Layout 1 ASCII 0 Keyboard 0 Movement Mouse Keybinds 0 Fullscreen 1 Font 16/SmallcapsGlow Map View 50x40 Zoom Use 0% Tactical HUD 1 Map Filters NONE Filters NONE Steam SD RUN: 97f7a70c-8530-4af7-b3c2-07d1c17eb7ec